Map: King's Cove LE

Players

Kelazhur

  • Race: Terran Terran
  • Spawn Location: 5:00

GunGFuBanDa - Winner!

  • Race: Protoss Protoss
  • Spawn Location: 11:00

Event: 2019 WCS Summer

VOD

Have the link to the VOD?

Description

Time

  • Played on: July 12, 2019, 2:19 p.m.
  • Length: 17:30

All games in this series

Show
View Real Time Build Order
Export as new Build Order

Kelazhur Terran 

Build Orders: Gas First Reaper Expand 

Get SALT Encoding   

  12  0:00  SCV  
  13  0:13  SCV  
  14  0:18  Supply Depot  
  14  0:25  SCV  
  15  0:29  Refinery  
  15  0:39  SCV  
  16  0:45  Barracks  
  16  0:51  SCV  
  17  1:03  SCV  
  18  1:15  SCV  
  19  1:32  Orbital Command, Reaper  
  20  1:49  Command Center  
  20  1:58  Factory  
  20  2:02  SCV  
  20  2:06  Barracks Reactor  
  21  2:14  Supply Depot  
  21  2:15  SCV  
  22  2:21  Refinery  
  22  2:27  SCV  
  23  2:39  SCV  
  24  2:44  Starport  
  24  2:50  Hellion x2  
  28  2:52  SCV  
  29  3:00  Orbital Command  
  29  3:04  SCV  
  30  3:05  Orbital Command, Barracks Tech Lab  
  30  3:14  Widow Mine x2  
  30  3:17  SCV  
  35  3:23  Medivac  
  37  3:33  SCV  
  38  3:34  SCV  
  38  3:36  Widow Mine x2  
  43  3:45  SCV  
  43  3:48  SCV  
  43  3:54  Supply Depot  
  40  4:00  SCV  
  42  4:03  Marine  
  42  4:04  Marine  
  42  4:06  Bunker  
  42  4:07  Engineering Bay  
  42  4:09  Siege Tank  
  46  4:15  SCV x2  
  48  4:18  Viking, Supply Depot  
  48  4:21  Supply Depot  
  48  4:23  Marine x2  
  52  4:27  SCV  
  52  4:28  SCV  
  54  4:40  SCV  
  54  4:43  Siege Tank  
  54  4:45  SCV  
  59  4:47  Barracks  
  59  4:49  Missile Turret  
  57  4:54  Barracks  
  57  4:56  SCV  
  57  4:57  SCV  
  57  4:59  Terran Infantry Weapons Level 1  
  59  5:00  Marine  
  59  5:01  Marine  
  61  5:07  Refinery  
  61  5:10  SCV x2  
  61  5:11  Starport Tech Lab  
  63  5:14  Refinery  
  63  5:16  Supply Depot  
  63  5:23  SCV  
  63  5:25  SCV  
  63  5:32  Marine x2  
  59  5:36  SCV  
  59  5:37  SCV  
  59  5:40  Supply Depot  
  63  5:42  Marauder  
  63  5:43  Stimpack  
  63  5:44  Starport Reactor  
  63  5:50  Combat Shield  
  63  5:51  Marauder  
  63  5:52  Supply Depot  
  63  5:53  Marine, SCV x2  
  63  5:54  Marine  
  71  5:57  Widow Mine  
  73  6:04  Marauder  
  73  6:05  SCV x2  
  73  6:09  Command Center  
  75  6:15  Marine x2  
  75  6:16  Marauder  
  79  6:19  Supply Depot  
  79  6:23  Supply Depot  
  79  6:26  Medivac  
  79  6:27  Medivac  
  83  6:33  Marauder  
  83  6:34  Marine x2  
  83  6:37  Marauder  
  83  6:38  Supply Depot  
  89  6:43  Widow Mine  
  89  6:45  Supply Depot  
  89  6:54  Marine x2  
  89  6:55  Marauder  
  89  6:58  Marauder  
  89  7:00  Terran Infantry Armor Level 1  
  94  7:14  Marine x2  
  96  7:16  Marauder  
  96  7:20  Marauder  
  96  7:22  Barracks, Orbital Command  
  100  7:23  Barracks, SCV x2  
  100  7:29  Medivac  
  64  7:30  Medivac  
  104  7:34  Marine x2  
  108  7:38  Concussive Shells  
  108  7:39  Marauder  
  109  7:45  Marauder  
  109  7:48  SCV  
  112  7:58  Orbital Command  
  108  8:00  Marauder, Marine x2  
  108  8:03  SCV x2  
  114  8:05  Barracks  
  114  8:12  Marauder  
  110  8:15  SCV x2  
  110  8:17  Marine, Engineering Bay, Armory  
  110  8:18  Marine, Barracks Tech Lab  
  114  8:20  Factory Tech Lab  
  114  8:27  SCV x2  
  114  8:28  SCV  
  114  8:33  Marine, Barracks Reactor  
  120  8:34  Marauder  
  120  8:39  SCV x2  
  120  8:40  SCV  
  120  8:41  Marauder, Marine x2  
  126  8:42  Medivac  
  126  8:44  Medivac  
  131  8:50  Supply Depot  
  131  8:51  Refinery, SCV x2  
  131  8:52  Marauder  
  131  8:53  SCV  
  136  8:56  Supply Depot  
  136  8:59  Marine  
  136  9:00  Supply Depot  
  137  9:06  Widow Mine  
  137  9:07  Terran Infantry Weapons Level 2, Terran Infantry Armor Level 2  
  137  9:08  Drilling Claws  
  139  9:10  Marine x2  
  139  9:16  Marauder  
  143  9:17  SCV  
  143  9:20  Supply Depot  
  143  9:21  Supply Depot  
  143  9:24  Marauder, Marine x2  
  146  9:27  Marauder, Medivac x2  
  146  9:31  Widow Mine  
  156  9:38  Marauder, Marine x2  
  160  9:42  Marine, Supply Depot  
  160  9:43  Supply Depot  
  160  9:45  Supply Depot  
  163  9:46  Marauder  
  163  9:52  Widow Mine  
  165  9:56  Marine  
  165  9:59  Marine  
  167  10:00  Command Center  
  167  10:06  Medivac x2  
  171  10:09  Marine x2  
  171  10:10  Marauder x3  
  171  10:13  Widow Mine  
  181  10:14  Marine  
  180  10:24  Marine  
  177  10:31  Marauder, Marine x2  
  173  10:53  Marauder x2, Marine  
  173  10:56  Medivac x2  
  177  11:02  Marauder, Marine x2  
  181  11:08  SCV x3  
  181  11:10  Barracks x2  
  184  11:12  Barracks  
  184  11:13  Starport  
  184  11:14  Marauder, Planetary Fortress  
  184  11:17  Factory Reactor, Marauder  
  187  11:22  Marine  
  187  11:23  Marine x2  
  187  11:24  Marauder  
  192  11:27  Terran Infantry Weapons Level 3  
  192  11:30  SCV x2  
  192  11:31  Terran Infantry Armor Level 3  
  192  11:32  Marine  
  182  11:37  SCV  
  183  11:42  SCV x2  
  183  11:43  Marauder, Missile Turret  
  187  11:52  Marauder  
  168  11:55  Marauder  
  168  11:57  Medivac x2  
  168  11:58  Widow Mine  
  168  11:59  SCV  
  168  12:00  SCV  
  177  12:05  Marauder  
  172  12:11  Marine  
  172  12:12  Marauder  
  172  12:13  Marine x2, Widow Mine  
  172  12:14  Marine  
  178  12:20  Widow Mine  
  178  12:21  Marine  
  179  12:23  Marine x3  
  178  12:35  Marauder  
  164  12:37  Marine  
  164  12:39  Marine  
  164  12:40  Marine  
  164  12:41  Marine  
  164  12:43  SCV  
  164  12:44  SCV x2  
  158  12:49  Marauder  
  160  12:54  Marauder  
  160  12:55  SCV  
  160  12:58  Missile Turret, SCV x2  
  165  12:59  Marauder  
  165  13:04  Widow Mine  
  169  13:11  Marauder  
  169  13:12  Marine, Widow Mine  
  173  13:13  Marine  
  173  13:14  Barracks Reactor, Barracks Tech Lab x2  
  173  13:16  Marauder  
  177  13:25  Widow Mine  
  176  13:35  SCV x2  
  176  13:36  SCV  
  176  13:38  Marauder x2, Marine x3  
  176  13:40  Starport Reactor  
  186  13:41  Command Center  
  186  13:43  Marauder  
  186  13:46  Marine  
  186  13:47  Marine, Marauder  
  191  13:49  Marauder  
  191  13:50  Marine  
  192  13:55  Marine x2  
  192  13:56  Widow Mine x2  
  192  13:59  Marauder  
  192  14:00  Marauder  
  199  14:08  Marine  
  197  14:23  SCV x2  
  199  14:24  Widow Mine  
  199  14:30  SCV  
  196  14:35  SCV x2  
  194  14:46  Viking x3  
  198  15:00  SCV x2  
  198  15:05  Missile Turret  
  189  15:14  Marauder  
  189  15:17  Widow Mine x2  
  183  15:22  Marauder, Marine  
  183  15:27  Marauder  
  175  15:40  Viking  
  170  15:44  Marauder, Marine  
  146  16:01  Marauder  
  146  16:02  Marauder  
  119  16:06  Marauder  
  119  16:10  Viking  
  119  16:11  Marauder  
  105  16:12  Marine  
  105  16:13  Marauder, Marine  
  105  16:19  Marine  
  105  16:22  Marauder, Marine  
  105  16:24  Marine  
  105  16:25  Marine x3, Widow Mine x2  
  117  16:27  Marine  
  117  16:30  Marine x2  
  117  16:31  Marine  
  120  16:34  Marine  
  120  16:38  Marine  
  118  16:43  Marauder x2, Command Center  
  118  16:46  Marine  
  123  16:52  Marine  
  123  16:53  Marauder  
Show
View Real Time Build Order
Export as new Build Order

GunGFuBanDa Protoss - Winner!

Build Orders: 1 Gate Expand, Blink Stalkers 

Get SALT Encoding   

  12  0:00  Probe  
  13  0:12  Probe  
  14  0:17  Pylon  
  14  0:23  Probe  
  15  0:31  Probe  
  16  0:37  Gateway  
  16  0:39  Probe  
  16  0:46  Assimilator  
  17  0:54  Probe  
  18  1:06  Probe  
  19  1:19  Probe  
  20  1:26  Nexus  
  20  1:34  Cybernetics Core  
  20  1:37  Probe  
  21  1:44  Assimilator  
  21  1:50  Probe  
  21  1:53  Pylon  
  18  2:01  Adept  
  22  2:02  Probe  
  23  2:11  Warp Gate  
  23  2:15  Probe  
  26  2:26  Twilight Council  
  26  2:27  Probe  
  27  2:35  Stalker  
  27  2:36  Probe  
  29  2:37  Probe  
  29  2:44  Probe  
  31  2:45  Probe  
  32  2:53  Probe  
  32  2:55  Probe  
  34  3:03  Blink  
  34  3:05  Probe x2  
  35  3:11  Pylon  
  36  3:13  Probe  
  36  3:17  Probe  
  38  3:21  Probe  
  38  3:25  Stalker  
  41  3:29  Probe  
  41  3:33  Probe  
  43  3:36  Gateway  
  41  3:42  Probe  
  41  3:44  Probe  
  39  3:50  Probe  
  40  3:56  Probe  
  40  3:57  Robotics Facility  
  40  4:00  Probe  
  41  4:05  Sentry  
  41  4:06  Gateway  
  41  4:08  Probe  
  41  4:09  Probe  
  45  4:11  Assimilator  
  46  4:17  Probe  
  46  4:20  Probe  
  48  4:27  Probe  
  48  4:28  Nexus  
  49  4:32  Probe  
  47  4:40  Stalker  
  47  4:42  Probe  
  47  4:43  Observer  
  47  4:44  Probe  
  51  4:47  Stalker  
  51  4:52  Pylon  
  54  5:04  Pylon  
  54  5:10  Observer, Probe x2  
  57  5:15  Stalker x2  
  61  5:27  Stalker  
  57  5:30  Probe x2  
  59  5:36  Observer, Probe  
  59  5:38  Probe  
  59  5:39  Forge  
  59  5:40  Forge  
  59  5:42  Probe  
  62  5:44  Probe  
  62  5:49  Charge  
  63  5:58  Probe x3  
  63  6:03  Sentry  
  68  6:05  Stalker x2  
  68  6:08  Probe  
  68  6:10  Probe  
  68  6:11  Probe  
  75  6:16  Probe  
  75  6:17  Protoss Ground Armor Level 1, Protoss Ground Weapons Level 1  
  75  6:18  Observer  
  75  6:22  Observer, Probe  
  75  6:23  Probe, Gateway  
  75  6:24  Probe  
  78  6:25  Gateway  
  78  6:30  Pylon  
  79  6:34  Probe  
  79  6:35  Probe  
  79  6:37  Probe  
  82  6:40  Pylon  
  82  6:41  Immortal  
  85  6:56  Sentry, Zealot  
  85  6:57  Gateway  
  85  6:59  Probe, Gateway  
  89  7:01  Pylon  
  89  7:05  Observer  
  89  7:10  Pylon  
  89  7:14  Zealot  
  91  7:17  Phoenix  
  91  7:18  Pylon  
  91  7:20  Immortal  
  95  7:24  Zealot x3  
  95  7:26  Robotics Bay  
  101  7:31  Zealot  
  101  7:33  Pylon  
  101  7:35  Pylon  
  103  7:41  Stalker  
  105  7:44  Stalker x3  
  111  7:58  Zealot x2  
  115  8:01  Zealot  
  115  8:02  Colossus  
  109  8:06  Probe x2  
  109  8:11  Zealot x4  
  119  8:13  Pylon  
  123  8:21  Probe  
  123  8:24  Assimilator  
  123  8:25  Probe x2  
  123  8:26  Assimilator  
  126  8:28  Pylon  
  126  8:30  Pylon  
  126  8:37  Probe  
  126  8:39  Protoss Ground Weapons Level 2  
  127  8:42  Probe  
  127  8:44  Probe  
  127  8:47  Protoss Ground Armor Level 2  
  129  8:49  Probe, Colossus, Pylon  
  129  8:50  Pylon  
  129  8:53  Assimilator  
  129  8:54  Probe  
  137  9:03  Extended Thermal Lance  
  137  9:09  Zealot  
  139  9:10  Zealot x5  
  139  9:13  Pylon  
  149  9:28  Photon Cannon  
  149  9:29  Pylon  
  149  9:34  Warp Prism  
  148  9:41  Nexus  
  148  9:42  Pylon  
  148  9:44  Gateway  
  150  9:47  Gateway  
  150  9:50  Dark Shrine  
  150  9:54  Probe  
  150  9:55  Probe  
  152  10:06  Stalker x4  
  160  10:07  Warp Prism  
  159  10:16  Stalker x3  
  155  10:36  Zealot x4, Colossus  
  155  10:44  Zealot  
  155  10:45  Zealot x2  
  155  10:49  Protoss Ground Armor Level 3  
  159  10:54  Probe  
  158  10:57  Probe x2  
  158  10:59  Templar Archives  
  158  11:01  Zealot x3  
  158  11:02  Zealot x3  
  172  11:20  Zealot x3  
  172  11:23  Probe x3  
  172  11:25  Probe  
  182  11:28  Immortal  
  182  11:35  Sentry, Zealot  
  182  11:36  Zealot x4  
  180  11:57  Immortal  
  180  11:58  High Templar x4  
  180  11:59  High Templar x2  
  182  12:01  Dark Templar x2  
  182  12:02  Archon x3  
  182  12:06  Protoss Ground Weapons Level 3  
  188  12:13  Zealot  
  184  12:27  Probe x3  
  187  12:30  Assimilator  
  187  12:33  Assimilator  
  187  12:34  Colossus  
  165  12:41  Psionic Storm  
  165  12:42  Zealot  
  165  12:43  Zealot x8  
  147  12:50  Probe x2  
  151  12:51  Pylon  
  151  13:04  Resonating Glaives  
  151  13:10  Adept x2  
  151  13:11  Adept x2  
  157  13:17  Stalker x5, Colossus  
  166  13:32  High Templar x3  
  166  13:34  Zealot  
  180  13:38  Shield Battery  
  180  13:39  Photon Cannon  
  180  13:45  Zealot  
  180  13:46  Dark Templar x2  
  184  13:54  Zealot x3  
  188  14:01  Warp Prism  
  186  14:07  Zealot x4  
  192  14:16  Photon Cannon  
  192  14:17  High Templar  
  192  14:18  Pylon  
  192  14:20  Dark Templar  
  192  14:21  Dark Templar  
  194  14:26  High Templar  
  196  14:36  Stargate  
  190  14:38  Dark Templar, Nexus  
  190  14:40  Pylon  
  188  14:47  Zealot x4  
  193  14:55  Zealot x3  
  197  15:05  Pylon  
  197  15:08  Pylon  
  197  15:09  Pylon  
  191  15:20  Zealot x5  
  191  15:21  Zealot  
  167  15:29  Dark Templar x2  
  165  15:41  Zealot x3  
  153  15:48  Dark Templar  
  153  15:49  Dark Templar  
  140  15:52  Observer  
  113  16:10  Zealot  
  97  16:13  High Templar x4  
  93  16:21  Probe x2  
  93  16:23  High Templar x2  
  99  16:27  Sentry, Archon  
  99  16:32  Assimilator  
  99  16:37  Dark Templar  
  103  16:55  Assimilator  
  103  16:56  Probe x2  
  103  16:57  Probe x2  
  103  16:58  Assimilator  
  105  17:04  Stalker x2, Zealot x3  
  105  17:05  Zealot  
  112  17:15  Probe x2  
  111  17:29  Zealot x6  
  111  17:30  Zealot  
Tags
 
Add a new tag
Caveats
  • Supply blocks, unpowered buildings, or Contaminate may cause inaccurate times.
  • Supply counts are checked every 10 seconds.